 Dungeon Crawl Stone Soup version 0.20.1-1-g8b1a95d (webtiles) character file.

25634 raph the Sneak (level 12, -22/91 HPs)
             Began as a Demonspawn Fire Elementalist on Dec 24, 2017.
             Was a Priest of Kikubaaqudgha.
             Annihilated by Rupert
             ... wielding a +2 battleaxe of chopping
              (31 damage)
             ... on level 5 of the Lair of Beasts.
             The game lasted 00:57:06 (20394 turns).

raph the Sneak (Demonspawn Fire Elementalist)      Turns: 20394, Time: 00:57:07

Health: -22/91     AC: 14    Str: 26    XL:     12   Next: 91%
Magic:  23/23      EV: 23    Int: 19    God:    Kikubaaqudgha [***...]
Gold:   896        SH:  0    Dex: 21    Spells: 1/26 levels left

rFire    + . .     SeeInvis .   a - +4 arc blade {discharge, rElec}
rCold    x . .     Gourm    .   (no shield)
rNeg     . . .     Faith    .   B - +3 troll leather armour {Snorg}
rPois    +         Spirit   .   (helmet restricted)
rElec    +         Reflect  .   d - +0 cloak
rCorr    .         Harm     .   Q - +2 pair of gloves {Str+3}
MR       +....                  L - +1 pair of boots "Jorusi" {*Corrode rPois MR+ Str+9}
Stlth    ++........             (no amulet)
Regen    0.7/turn               j - ring of fire
MPRegen  0.2/turn               K - ring of wizardry

@: confused, mighty, agile
A: horns 2, foul stench 1, powered by pain 1, rot immunity
a: Receive Corpses, Renounce Religion


You were on level 5 of the Lair of Beasts.
You worshipped Kikubaaqudgha.
Kikubaaqudgha was most pleased with you.
You were not hungry.

You visited 3 branches of the dungeon, and saw 15 of its levels.

You collected 896 gold pieces.

Inventory:

Hand Weapons
 a - the +4 arc blade (weapon) {discharge, rElec}
   (You found it on level 6 of the Dungeon)

   It insulates you from electricity.
 b - a +0 blowgun
 e - the +8 lance "Wyrmbane" {slay drac, rPois rF+ rC+ AC+3}
   (You found it on level 1 of the Lair of Beasts)

   It affects your AC (+3).
   It protects you from fire.
   It protects you from cold.
   It protects you from poison.
 C - a +4 dagger of freezing
 O - the +9 war axe "Qejy" {chop, -Tele rC+++ MR+ Dex-4}
   (You found it on level 9 of the Dungeon)

   It inflicts extra damage upon your enemies.
   It affects your dexterity (-4).
   It renders you almost immune to cold.
   It affects your resistance to hostile enchantments.
   It prevents most forms of teleportation.
Missiles
 r - 21 tomahawks (quivered)
 z - 25 poisoned needles
 J - 4 tomahawks of returning
Armour
 d - a +0 cloak (worn)
 B - a +3 troll leather armour (worn) {Snorg}
 D - a +2 robe
 L - the +1 pair of boots "Jorusi" (worn) {*Corrode rPois MR+ Str+9}
   (You acquired it on level 9 of the Dungeon)

   It affects your strength (+9).
   It protects you from poison.
   It affects your resistance to hostile enchantments.
   It may corrode you when you take damage.
 Q - a +2 pair of gloves of strength (worn)
Magical Staves
 S - an uncursed staff of death
Jewellery
 i - a +4 ring of strength
 j - a ring of fire (left hand)
 v - an uncursed ring of protection from fire
 K - a ring of wizardry (right hand)
Wands
 h - a wand of polymorph (9/24)
 l - a wand of flame (16/48)
 N - a wand of flame (33/48)
Scrolls
 p - 5 scrolls of teleportation
 s - 3 scrolls of immolation
 x - a scroll of enchant weapon
 A - 4 scrolls of magic mapping
 F - a scroll of recharging
 G - 4 scrolls of fear
 I - 5 scrolls of identify
 M - 8 scrolls of amnesia
Potions
 f - 2 potions of lignification
 n - 4 potions of curing
 o - a potion of agility
 q - a potion of resistance
 u - a potion of cancellation
 w - 2 potions of brilliance
 R - a potion of magic
Books
 m - Kikubaaqudgha's Papyrus of Evil Rituals
   (Kikubaaqudgha gifted it to you on level 3 of the Lair of Beasts)

   Spells                             Type                      Level
   a - Animate Dead                   Necromancy                   4
   b - Excruciating Wounds            Charms/Necromancy            5
   c - Agony                          Necromancy                   5
   d - Dispel Undead                  Necromancy                   5
   e - Death Channel                  Necromancy                   6
 t - Kikubaaqudgha's Tome of Dark Rituals
   (Kikubaaqudgha gifted it to you on level 7 of the Dungeon)

   Spells                             Type                      Level
   a - Animate Skeleton               Necromancy                   1
   b - Corpse Rot                     Necromancy                   2
   c - Sublimation of Blood           Necromancy                   2
   d - Vampiric Draining              Necromancy                   3
   e - Control Undead                 Necromancy                   4
 y - a book of Flames

   Spells                             Type                      Level
   a - Flame Tongue                   Conjuration/Fire             1
   b - Throw Flame                    Conjuration/Fire             2
   c - Conjure Flame                  Conjuration/Fire             3
   d - Inner Flame                    Hexes/Fire                   3
   e - Sticky Flame                   Conjuration/Fire             4
   f - Fireball                       Conjuration/Fire             5
Comestibles
 c - 9 bread rations
 E - 2 meat rations
 H - 6 chunks of flesh
 P - 2 fruits


   Skills:
 + Level 7.3 Fighting
 + Level 6.9 Short Blades
 + Level 6.2 Armour
 + Level 7.0 Dodging
 + Level 7.7 Stealth
 * Level 7.6 Spellcasting
 + Level 7.7 Conjurations
 + Level 7.1 Necromancy
 + Level 7.4 Fire Magic


You had one spell level left.
You knew the following spells:

 Your Spells              Type           Power        Failure   Level  Hunger
a - Flame Tongue          Conj/Fire      #####        1%          1    None
b - Throw Flame           Conj/Fire      ######       1%          2    None
c - Conjure Flame         Conj/Fire      ######..     1%          3    #......
d - Inner Flame           Hex/Fire       ####....     2%          3    #......
e - Sticky Flame          Conj/Fire      ######..     1%          4    ###....
f - Animate Skeleton      Necr           N/A          1%          1    None
g - Fireball              Conj/Fire      ######....   5%          5    #####..
h - Sublimation of Blood  Necr           ####......   1%          2    None
i - Animate Dead          Necr           N/A          2%          4    ###....


Dungeon Overview and Level Annotations

Branches:
Dungeon (9/15)             Temple (1/1) D:5            Lair (5/6) D:9
 Shoals (0/4) Lair:4       Spider (0/4) Lair:2
  Slime: Lair:5-6       Orc: D:9-12

Altars:
Ashenzari
Cheibriados
Dithmenos
Elyvilon
Fedhas
Gozag
Hepliaklqana
Kikubaaqudgha
Makhleb
Nemelex Xobeh
Okawaru
Qazlal
Ru
Sif Muna
Trog
Uskayaw
Vehumet
Xom
Yredelemnul
Zin
The Shining One

Annotations:
D:3 wojtek's ghost, amateur KoNe
Lair:5 Rupert


Innate Abilities, Weirdness & Mutations

You have a pair of horns on your head.
You may emit foul miasma when damaged in melee.
You sometimes gain a little power by taking damage.
You are immune to rotting.


Message History

You kill the black mamba!
Kikubaaqudgha accepts your kill.
Rupert is engulfed in blazing flames.
Rupert barely misses you. Snorg bites you but does no damage.
Snorg closely misses you. Snorg claws you.
* * * LOW HITPOINT WARNING * * *
Okay, then.
You feel better.
Snorg burns!
Rupert is engulfed in blazing flames.
Rupert hits you with a battleaxe of chopping!
* * * LOW HITPOINT WARNING * * *
x2 Snorg closely misses you.
Snorg completely misses you. Snorg claws you but does no damage.
You are confused.
You feel invigorated.
Snorg burns!
Rupert is engulfed in blazing flames.
Rupert hits you with a battleaxe of chopping!
* * * LOW HITPOINT WARNING * * *
x2 Snorg misses you. x2; Snorg claws you but does no damage.
Snorg burns!
Rupert is engulfed in blazing flames.
Rupert hits you with a battleaxe of chopping!!
You die...
Kikubaaqudgha rasps: "You have failed me!
Welcome... death!"

......@..S# #........#
##......<.#
#..........#
..........#
#........## #.........
##@ยง.$P#P## #.@####
#### ## #.Z.### ##.#
####.#
###'##.###P.###.#...
#......(###.##......
#..#.#.P.....'......
#.....PPP...##......
#.#.PPPP#.###.......
#.....PPP#.##........
#.......P.#####.......


You could see Rupert (berserk) and Snorg the troll skeleton (burning).

Vanquished Creatures
  Snorg (Lair:5)
  4 hydras
  A two-headed ogre (D:8)
  5 death yaks
  Urug (Lair:4)
  The ghost of nightchill the Spear-Bearer, a novice MfIE of Yredelemnul (D:7)
  4 elephants (Lair:4)
  A merfolk siren (Lair:4)
  3 black mambas
  7 spiny frogs
  7 komodo dragons
  A troll (D:9)
  Prince Ribbit (D:7)
  3 hippogriffs
  A tarantella (Lair:2)
  2 wyverns (D:8)
  12 yaks
  5 basilisks
  A hungry ghost (D:9)
  9 water moccasins
  8 porcupines
  2 ice beasts
  3 orc warriors
  2 sky beasts
  12 ogres
  An eye of draining (D:4)
  4 crocodiles
  A centaur (D:8)
  12 bullfrogs
  Blork the orc (D:5)
  7 scorpions
  A water moccasin skeleton (D:8)
  3 killer bees (D:7)
  4 wights
  A howler monkey (D:5)
  An electric eel (Lair:2)
  2 crimson imps
  A quasit (D:6)
  3 bullfrog zombies
  4 hounds
  A centaur zombie (D:9)
  2 orc priests
  Crazy Yiuf (D:7)
  A jelly (D:7)
  2 bullfrog skeletons
  3 orc wizards
  2 iguanas
  9 worker ants
  7 gnolls
  A howler monkey skeleton (D:7)
  9 adders
  A shadow imp (D:6)
  An ooze (D:4)
  An adder skeleton (D:5)
  2 adder zombies
  A dart slug (D:2)
  4 worms
  2 leopard geckos (D:7)
  25 orcs
  2 ball pythons
  5 bats
  7 giant cockroaches
  10 goblins
  6 hobgoblins
  6 jackals
  14 kobolds
  A quokka (D:2)
  5 frilled lizards
  A leopard gecko skeleton (D:4)
  13 rats
  4 fungi
  A plant (Lair:1)
293 creatures vanquished.

Vanquished Creatures (collateral kills)
  A komodo dragon (Lair:3)
  3 water moccasins
  A crocodile (Lair:4)
  A scorpion (D:8)
  A wight (D:9)
  A hound skeleton (D:9)
  A plant (Lair:3)
9 creatures vanquished.

Vanquished Creatures (others)
  2 fungi
  A plant (Lair:4)
3 creatures vanquished.

Grand Total: 305 creatures vanquished

Notes
Turn   | Place    | Note
-------+----------+-------------------------------------------
     0 | D:1      | raph the Demonspawn Fire Elementalist began the quest for the Orb.
     0 | D:1      | Reached XP level 1. HP: 13/13 MP: 3/3
   529 | D:1      | Gained mutation: You are immune to rotting. [demonic ancestry]
   529 | D:1      | Reached XP level 2. HP: 15/20 MP: 0/5
   673 | D:1      | Learned a level 2 spell: Throw Flame
  1532 | D:1      | Reached skill level 1 in Fighting
  1604 | D:1      | Gained mutation: You may emit foul miasma when damaged in melee. [demonic ancestry]
  1604 | D:1      | Reached XP level 3. HP: 26/26 MP: 1/6
  1875 | D:2      | Learned a level 3 spell: Conjure Flame
  2742 | D:2      | Reached XP level 4. HP: 32/32 MP: 5/7
  3074 | D:3      | Noticed wojtek's ghost (amateur KoNe)
  3777 | D:3      | Found a faded altar of an unknown god.
  3827 | D:3      | Gained mutation: You have a pair of small horns on your head. [demonic ancestry]
  3827 | D:3      | Reached XP level 5. HP: 34/38 MP: 5/8
  4284 | D:3      | Reached skill level 1 in Short Blades
  4710 | D:4      | Learned a level 3 spell: Inner Flame
  4799 | D:4      | Found a bloodstained altar of Trog.
  4800 | D:4      | Noticed an eye of draining
  4809 | D:4      | Killed an eye of draining
  4809 | D:4      | Reached XP level 6. HP: 44/44 MP: 0/10
  5087 | D:4      | Reached skill level 1 in Armour
  5502 | D:5      | Entered Level 5 of the Dungeon
  5694 | D:5      | Noticed Blork the orc
  5758 | D:5      | Reached XP level 7. HP: 51/51 MP: 4/11
  6009 | D:5      | Found a staircase to the Ecumenical Temple.
  6026 | Temple   | Entered the Ecumenical Temple
  6269 | Temple   | Became a worshipper of Kikubaaqudgha
  6317 | D:5      | Got an ichor-stained ring mail
  6328 | D:5      | Identified the cursed +0 ring mail of the Blind Marksman {rElec} (You found it on level 5 of the Dungeon)
  6619 | D:5      | Killed Blork the orc
  6766 | D:5      | Found a shadowy altar of Dithmenos.
  6920 | D:5      | Gained mutation: You sometimes gain a little power by taking damage. [demonic ancestry]
  6920 | D:5      | Reached XP level 8. HP: 43/58 MP: 6/13
  7053 | D:5      | Learned a level 4 spell: Sticky Flame
  7055 | D:5      | Found an iron altar of Okawaru.
  7230 | D:5      | Found a sparkling altar of Nemelex Xobeh.
  7751 | D:6      | Reached skill level 1 in Necromancy
  8240 | D:6      | Found a basalt altar of Yredelemnul.
  8588 | D:7      | Noticed Prince Ribbit
  8598 | D:7      | Killed Prince Ribbit
  8868 | D:7      | Reached * piety under Kikubaaqudgha
  8868 | D:7      | Identified Kikubaaqudgha's Tome of Dark Rituals (Kikubaaqudgha gifted it to you on level 7 of the Dungeon)
  8868 | D:7      | Received a gift from Kikubaaqudgha
  8868 | D:7      | Reached XP level 9. HP: 54/65 MP: 13/15
  8878 | D:7      | Learned a level 1 spell: Animate Skeleton
  8937 | D:7      | Found a sparkling altar of Nemelex Xobeh.
 10122 | D:7      | Found a runed door.
 10278 | D:7      | Noticed Crazy Yiuf
 10278 | D:7      | Noticed nightchill's ghost (novice MfIE)
 10289 | D:7      | Killed nightchill's ghost
 10289 | D:7      | Reached skill level 5 in Conjurations
 10289 | D:7      | Reached skill level 5 in Fire Magic
 10290 | D:7      | Killed Crazy Yiuf
 10574 | D:8      | Reached skill level 5 in Spellcasting
 10643 | D:8      | Reached skill level 5 in Stealth
 11337 | D:8      | Reached XP level 10. HP: 73/73 MP: 17/17
 11533 | D:8      | Learned a level 5 spell: Fireball
 11558 | D:8      | Noticed a two-headed ogre
 11567 | D:8      | Killed a two-headed ogre
 12004 | D:9      | Found a hide-covered altar of Uskayaw.
 12004 | D:9      | Found a deep blue altar of Sif Muna.
 12045 | D:9      | Found a staircase to the Lair.
 12045 | D:9      | Noticed a death yak
 12048 | D:9      | Noticed an elephant
 12061 | D:9      | Killed a death yak
 12061 | D:9      | Reached skill level 5 in Fighting
 12061 | D:9      | Reached skill level 5 in Dodging
 12270 | D:9      | Reached skill level 5 in Short Blades
 12694 | D:8      | Reached ** piety under Kikubaaqudgha
 13596 | D:9      | Identified a scroll of acquirement
 13599 | D:9      | Got a pair of ancient boots
 13605 | D:9      | Identified the +1 pair of boots "Jorusi" {*Corrode rPois MR+ Str+9} (You acquired it on level 9 of the Dungeon)
 13672 | D:9      | Got an ichor-stained war axe
 13673 | D:9      | Identified the +9 war axe "Qejy" {chop, -Tele rC+++ MR+ Dex-4} (You found it on level 9 of the Dungeon)
 13849 | Lair:1   | Entered Level 1 of the Lair of Beasts
 13849 | Lair:1   | Noticed a black mamba
 13850 | Lair:1   | Killed a black mamba
 13856 | Lair:1   | Learned a level 2 spell: Sublimation of Blood
 13907 | Lair:1   | Noticed a spiny frog
 13914 | Lair:1   | Killed a spiny frog
 13914 | Lair:1   | Gained mutation: You have a pair of horns on your head. [demonic ancestry]
 13914 | Lair:1   | Reached XP level 11. HP: 72/80 MP: 20/20
 14577 | Lair:1   | Got a slimy iron ring
 14675 | Lair:1   | Noticed a five-headed hydra
 14680 | Lair:1   | Killed a five-headed hydra
 14680 | Lair:1   | Reached skill level 5 in Necromancy
 14868 | Lair:1   | Noticed an eight-headed hydra
 14887 | Lair:1   | Killed an eight-headed hydra
 15107 | Lair:1   | Got a dazzling flail
 15108 | Lair:1   | Identified the +10 flail of Certain Death {flame, rPois Dex+6} (You found it on level 1 of the Lair of Beasts)
 15334 | Lair:1   | Noticed a seven-headed hydra
 15343 | Lair:1   | Killed a seven-headed hydra
 15343 | Lair:1   | Reached skill level 5 in Armour
 15539 | Lair:1   | Identified the ring "Xummibe" {rPois Str+3 Slay-3 Stlth-} (You found it on level 1 of the Lair of Beasts)
 16309 | Lair:2   | Found a hole to the Spider Nest.
 16838 | Lair:3   | Reached *** piety under Kikubaaqudgha
 16838 | Lair:3   | Identified Kikubaaqudgha's Papyrus of Evil Rituals (Kikubaaqudgha gifted it to you on level 3 of the Lair of Beasts)
 16838 | Lair:3   | Received a gift from Kikubaaqudgha
 16923 | Lair:3   | Got a steaming flail
 16924 | Lair:3   | Identified the +2 flail of the Present {crush, rF+ Int+3} (You found it on level 3 of the Lair of Beasts)
 17255 | Lair:3   | Reached XP level 12. HP: 86/89 MP: 15/22
 17785 | Lair:4   | Learned a level 4 spell: Animate Dead
 17927 | Lair:4   | Noticed a death yak
 17928 | Lair:4   | Noticed a death yak
 17929 | Lair:4   | Noticed a death yak
 17936 | Lair:4   | Noticed a death yak
 17937 | Lair:4   | Killed a death yak
 17949 | Lair:4   | HP: 4/89 [death yak (25)]
 17951 | Lair:4   | Killed a death yak
 18217 | Lair:4   | Found a staircase to the Shoals.
 18850 | Lair:4   | Noticed Urug
 18863 | Lair:4   | Killed Urug
 19477 | Lair:4   | Noticed a four-headed hydra
 19484 | Lair:4   | Killed a four-headed hydra
 19899 | Lair:4   | Killed a death yak
 19902 | Lair:4   | Killed a death yak
 20170 | Lair:5   | Noticed Rupert
 20313 | Lair:5   | Noticed Snorg
 20319 | Lair:5   | Killed Snorg
 20389 | Lair:5   | HP: 4/91 [Rupert/battleaxe of chopping (2)]
 20394 | Lair:5   | Annihilated by Rupert

Skill      XL: |  1  2  3  4  5  6  7  8  9 10 11 12 |
---------------+-------------------------------------+-----
Stealth        | 2 3 4 5 6 7 |  7.7
Dodging        | 2 3 4 5 6 7 |  7.0
Fighting       | 1 2 3 4 5 6 7 |  7.3
Fire Magic     | 3 4 5 6 7 |  7.4
Short Blades   | 1 2 3 4 5 6 |  6.9
Conjurations   | 2 3 4 5 6 7 |  7.7
Armour         | 1 2 3 4 5 6 |  6.2
Spellcasting   | 3 4 5 6 7 |  7.6
Necromancy     | 1 3 4 6 7 |  7.1

Action                   |  1- 3 |  4- 6 |  7- 9 | 10-12 || total
-------------------------+-------+-------+-------+-------++-------
Melee: Dagger            |    21 |    56 |     1 |       ||    78
       Unarmed           |     1 |       |       |       ||     1
       Headbutt          |       |     9 |    10 |    46 ||    65
       Rapier            |       |       |    59 |   212 ||   271
Throw: Stone             |     1 |       |       |       ||     1
 Cast: Flame Tongue      |    69 |    82 |   139 |   110 ||   400
       Throw Flame       |     6 |    18 |    14 |    29 ||    67
       Conjure Flame     |       |     3 |    19 |     9 ||    31
       Inner Flame       |       |     1 |     9 |     6 ||    16
       Sticky Flame      |       |       |     2 |    45 ||    47
       Animate Skeleton  |       |       |     8 |    39 ||    47
       Fireball          |       |       |       |    28 ||    28
       Animate Dead      |       |       |       |     5 ||     5
  Use: Scroll            |       |    11 |     9 |    12 ||    32
       Potion            |       |       |       |     8 ||     8
 Stab: Sleeping          |     3 |     1 |     3 |     5 ||    12
       Distracted        |       |       |     1 |     3 ||     4
  Eat: Chunk             |     7 |     6 |    21 |    18 ||    52
       Bread ration      |       |     1 |       |       ||     1
       Meat ration       |       |       |       |     4 ||     4
       Royal jelly       |       |       |       |     3 ||     3
       Fruit             |       |       |       |     1 ||     1
Armor: Robe              |    15 |     1 |    20 |    47 ||    83
       Leather armour    |       |    17 |     4 |       ||    21
       Troll leather arm |       |       |       |     5 ||     5
Dodge: Dodged            |    25 |    48 |    74 |   185 ||   332
